 Dungeon Crawl Stone Soup version 0.19-a0-1032-g6b228a8 (webtiles) character file.

33 shmeve the Chopper (level 3, -1/33 HPs)
             Began as a Minotaur Berserker on June 26, 2016.
             Was a Follower of Trog.
             Slain by a worm (4 damage)
             ... on level 2 of the Dungeon on July 29, 2016.
             The game lasted 00:03:22 (1144 turns).

shmeve the Chopper (Minotaur Berserker)             Turns: 1144, Time: 00:03:23

Health: -1/33      AC:  2    Str: 22    XL:     3   Next: 12%
Magic:  2/2        EV: 12    Int:  4    God:    Trog [*.....]
Gold:   89         SH:  0    Dex:  9    Spells: 0 memorised, 2 levels left

rFire  . . .     SeeInvis .     a - +0 hand axe
rCold  . . .     Gourm    .     b - +0 animal skin
rNeg   . . .     Faith    .     (no shield)
rPois  .         Spirit   .     (helmet restricted)
rElec  .         Dismiss  .     (no cloak)
rCorr  .         Reflect  .     (no gloves)
SustAt .         Harm     .     (no boots)
MR     .....                    (no amulet)
Stlth  +.........               (no ring)
                                (no ring)

@: exhausted, slowed, very slow, not resistant to hostile enchantments, very
unstealthy
A: retaliatory headbutt, horns 2
a: Berserk, Burn Spellbooks, Renounce Religion


You were on level 2 of the Dungeon.
You worshipped Trog.
Trog was aware of your devotion.
You were near starving.

You visited 1 branch of the dungeon, and saw 2 of its levels.

You collected 89 gold pieces.

Inventory:

Hand Weapons
 a - a +0 hand axe (weapon)
Armour
 b - a +0 animal skin (worn)
Scrolls
 d - 2 scrolls of random uselessness {unknown}
 f - 2 scrolls of identify {unknown}
 g - a scroll of immolation {unknown}
Potions
 e - a potion of magic {unknown}
 h - a potion of curing {unknown}
Comestibles
 c - a bread ration
 i - a meat ration


   Skills:
 * Level 3.9 Fighting
 * Level 4.2 Axes
 + Level 3.0 Armour
 + Level 2.5 Dodging


You had 2 spell levels left.
You didn't know any spells.

Dungeon Overview and Level Annotations

Branches:
Dungeon (2/15)

Altars:


Innate Abilities, Weirdness & Mutations

You reflexively headbutt those who attack you in melee.
You have a pair of horns on your head.


Message History

You kill the bat!
Trog accepts your kill.
A red film seems to cover your vision as you go berserk!
You feel yourself moving faster!
You feel mighty!
You feel somewhat more hungry.
You feel a strong urge to attack something.
Found 13 gold pieces.
Things that are here:
a bat corpse; a worm corpse Unknown command.
You feel your anger subside.
You are no longer berserk.
You are exhausted.
You feel yourself slow down.
You are near starving!
The worm closely misses you. The worm bites you!
* * * LOW HITPOINT WARNING * * *
You hit the worm.
The worm is lightly wounded.
You hit the worm but do no damage. The worm bites you.
You die...

.................
.................
.................
................$
.................
...............##
......w..........
#...<.w@.†......P
#..............##
..#####.###.....#
##..##.....#
#...##.....##..
#.#............
#.#...........
###.#...........
#...).##†....###


You could see 2 worms.

Vanquished Creatures
  2 dart slugs (D:1)
  A worm (D:2)
  2 giant cockroaches (D:1)
  2 hobgoblins (D:1)
  3 jackals (D:1)
  4 kobolds (D:1)
  4 bats
  A giant newt (D:2)
  5 goblins (D:1)
  A rat (D:1)
25 creatures vanquished.

Notes
Turn   | Place    | Note
-------+----------+-------------------------------------------
     0 | D:1      | shmeve the Minotaur Berserker began the quest for the Orb.
     0 | D:1      | Reached XP level 1. HP: 19/19 MP: 0/0
     6 | D:1      | Noticed a hound
     6 | D:1      | Noticed a black mamba
     6 | D:1      | Noticed a redback
     7 | D:1      | Noticed a polar bear
     7 | D:1      | Noticed a rime drake
    93 | D:1      | Upgraded the game from 0.19-a0-791-g6e182cc to 0.19-a0-1032-g6b228a8
   275 | D:1      | Reached XP level 2. HP: 27/27 MP: 1/1
   307 | D:1      | Reached skill level 4 in Axes
  1117 | D:2      | Reached XP level 3. HP: 32/33 MP: 2/2
  1144 | D:2      | Slain by a worm

Vault maps used:
D:1:      onia_arrival_zoo_common, lemuel_flame_loot_1
D:2:      serial_forest, infiniplex_forest_clump_tiny, infiniplex_forest_pool,
          infiniplex_forest_clump_long, infiniplex_forest_clump_medium,
          infiniplex_forest_end_3, st_stairs_13

Skill      XL: |  1  2  3 |
---------------+----------+-----
Axes           | 4 |  4.2
Armour         | 3 |  3.0
Fighting       | |  3.9
Dodging        | |  2.5

Action                   || total
-------------------------++-------
Melee: Hand axe          ||    51
       Headbutt          ||     6
Invok: Berserk           ||     1
Armor: Animal skin       ||    10
Dodge: Dodged            ||    36
